 Dungeon Crawl Stone Soup version 0.27.1-1-g398f81649c (webtiles) character file.

Game seed: 10753692205840934752

8178 Atelerd the Geomancer (level 11, -4/64 HPs)
             Began as an Octopode Earth Elementalist on Sept 21, 2021.
             Was a Follower of Sif Muna.
             Slain by a two-headed ogre (21 damage)
             ... on level 10 of the Dungeon.
             The game lasted 00:23:59 (14926 turns).

Atelerd the Geomancer (OpEE)                       Turns: 14926, Time: 00:24:00

Health: -4/64      AC:  1    Str:  8    XL:     11   Next: 26%
Magic:  19/19      EV: 14    Int: 21    God:    Sif Muna [*.....]
Gold:   2008       SH:  0    Dex: 12    Spells: 12/21 levels left

rFire    . . .     SeeInvis +   f - +2 dagger (freeze)
rCold    . . .     Faith    .   (no shield)
rNeg     . . .     Spirit   .   (helmet restricted)
rPois    +         Reflect  .   (no amulet)
rElec    .         Harm     .   r - ring of poison resistance
rCorr    .         Rampage  .   t - ring of see invisible
Will     .....                  (no ring)
Stlth    +++++.....             (no ring)
HPRegen  0.20/turn              (no ring)
MPRegen  0.16/turn              (no ring)
                                (no ring)
                                (no ring)

@: no status effects
A: almost no armour, amphibious, 8 rings, camouflage 1, gelatinous body 1,
(nimble swimmer 1), tentacles
a: Renounce Religion, Channel Magic


You were on level 10 of the Dungeon.
You worshipped Sif Muna.
Sif Muna was aware of your devotion.
You visited 2 branches of the dungeon, and saw 11 of its levels.

You collected 2351 gold pieces.
You spent 343 gold pieces at shops.

Inventory:

Hand Weapons
 e - a +0 dagger
 f - a +2 dagger of freezing (weapon)
 w - a +5 dagger
Missiles
 b - 27 stones
Jewellery
 p - a +4 ring of slaying
 r - a ring of poison resistance (left tentacle)
 s - a +4 ring of protection
 t - a ring of see invisible (right tentacle)
 x - an amulet of regeneration
 y - a ring of willpower
Wands
 d - a wand of iceblast (6)
 o - a wand of acid (10)
 z - a wand of digging (4)
Scrolls
 g - a scroll of noise {unknown}
 h - a scroll of vulnerability {unknown}
 i - 3 scrolls of torment
 j - 2 scrolls of fog
 l - a scroll of amnesia
 m - a scroll of brand weapon {unknown}
 n - 4 scrolls of enchant armour {unknown}
 q - a scroll of blinking
 A - a scroll of teleportation {unknown}
Potions
 a - a potion of degeneration
 c - a potion of haste
 k - a potion of curing
 u - a potion of magic {unknown}
 v - a potion of might {unknown}
 B - a potion of flight


   Skills:
 - Level 2.0 Fighting
 - Level 2.0 Short Blades
 - Level 5.0 Dodging
 + Level 9.2 Stealth
 + Level 5.9 Spellcasting
 * Level 8.8 Transmutations
 * Level 9.4 Earth Magic
 - Level 5.0 Poison Magic
 - Level 4.0 Invocations


You had 12 spell levels left.
You knew the following spells:

 Your Spells              Type           Power      Damage    Failure   Level
a - Sandblast             Erth           92%        2d19      1%          1
e - Olgreb's Toxic Radia  Pois           27%        N/A       13%         4
p - Petrify               Tmut/Erth      44%        N/A       2%          4

Your spell library contained the following spells:

 Spells                   Type           Power      Damage    Failure   Level
 Sting                    Tmut/Pois      100%       1d8       1%          1
 Passwall                 Tmut/Erth      36%        N/A       1%          2
 Stone Arrow              Conj/Erth      52%        3d10      4%          3
 Poisonous Vapours        Pois/Air       32%        N/A       5%          2
 Corpse Rot               Necr/Air       N/A        N/A       16%         2
 Slow                     Hex            6%         N/A       16%         2
 Confusing Touch          Hex            6%         N/A       30%         3
 Yara's Violent Unravell  Hex/Tmut       12%        3d7       41%         5
 Bolt of Magma            Conj/Fire/Erth 9%         4d7       58%         5
 Freezing Cloud           Conj/Ice/Air   3%         6-21      95%         5
 Borgnjor's Revivificati  Necr           3%         N/A       100%        8
 Necromutation            Tmut/Necr      12%        N/A       100%        8
 Death's Door             Necr           3%         N/A       100%        9
 Shatter                  Erth           23%        3d20*     100%        9


Dungeon Overview and Level Annotations

Branches:
Dungeon (10/15)            Temple (1/1) D:5
   Lair: D:8-11         Orc: D:9-12

Altars:
Ashenzari
Cheibriados
Dithmenos
Elyvilon
Fedhas
Gozag
Hepliaklqana
Kikubaaqudgha
Makhleb
Nemelex Xobeh
Okawaru
Qazlal
Ru
Sif Muna
Trog
Uskayaw
Vehumet
Wu Jian
Xom
Yredelemnul
Zin
The Shining One

Shops:
D:4 ?


Innate Abilities, Weirdness & Mutations

You cannot wear most types of armour.
You are amphibious.
You can wear up to eight rings at the same time.
Your skin changes colour to match your surroundings (Stealth+).
Your rubbery body absorbs attacks. (AC +1, EV +1)
((You are camouflaged near water. (Stealth+)))
You have tentacles for arms and can constrict up to eight enemies at once.


Message History

Press: ? - help, Shift-Dir - straight line, f - two-headed ogre
Aim: a two-headed ogre, wielding two +0 giant clubs (wandering, hasn't noticed you, chance to affect: 51%)
The two-headed ogre shouts in stereo!
The two-headed ogre resists with significant effort.
You hear a shout!
Casting: Petrify (dangerous; 2% risk of failure)
Confirm with . or Enter, or press ? or * to list all spells.
Aiming: Petrify (dangerous; 2% risk of failure)
Press: ? - help, Shift-Dir - straight line, f/p - two-headed ogre
Aim: a two-headed ogre, wielding two +0 giant clubs (chance to affect: 51%)
The two-headed ogre resists with significant effort.
Casting: Petrify (dangerous; 2% risk of failure)
Confirm with . or Enter, or press ? or * to list all spells.
Aiming: Petrify (dangerous; 2% risk of failure)
Press: ? - help, Shift-Dir - straight line, f/p - two-headed ogre
Aim: a two-headed ogre, wielding two +0 giant clubs (chance to affect: 51%)
The two-headed ogre resists with significant effort.
Casting: Petrify (dangerous; 2% risk of failure)
Confirm with . or Enter, or press ? or * to list all spells.
Aiming: Petrify (dangerous; 2% risk of failure)
Press: ? - help, Shift-Dir - straight line, f/p - two-headed ogre
Aim: a two-headed ogre, wielding two +0 giant clubs (chance to affect: 51%)
The two-headed ogre resists with significant effort.
Casting: Petrify (dangerous; 2% risk of failure)
Confirm with . or Enter, or press ? or * to list all spells.
Aiming: Petrify (dangerous; 2% risk of failure)
Press: ? - help, Shift-Dir - straight line, f/p - two-headed ogre
Aim: a two-headed ogre, wielding two +0 giant clubs (chance to affect: 51%)
The two-headed ogre resists with significant effort.
The two-headed ogre hits you with a +0 giant club!!
The two-headed ogre misses you.
Unknown command.
You feel less invigorated.
You see here a hornet corpse.
You hit the two-headed ogre. You freeze the two-headed ogre.
The two-headed ogre is lightly wounded.
The two-headed ogre hits you with a +0 giant club!!
* * * LOW HITPOINT WARNING * * *
The two-headed ogre hits you with a +0 giant club!!
You die...

#.# #..##.#.#.# ##
...... #.#
#..#.#.#.#.# #.#
...... ####.#
#..##.#.#.#.#.# ###..
#....# #..# #.#.#.#.#
#.. #.#### ##.##
#.#.#.#.# ##.. #.#
###..## #.#.#.## #...
#.# ###.....## #†#.##
#.#. #.#
#...#....###.###..#
#... #.#
#.#...#..@O......#
##..
#.###.##.##..#########
#.. #........##.## #..
#####.#####.# #.#
#.#####.# ########.#
#.......# #........#
######### #.######..
###.#### ##. #....>.#
#.


You could see a two-headed ogre.

Vanquished Creatures
  A hydra (D:8)
  A boulder beetle (D:8)
  A centaur zombie (D:6)
  An unseen horror (D:10)
  A troll (D:9)
  A hornet (D:10)
  A wyvern (D:8)
  3 hogs (D:8)
  A human (D:8)
  10 yaks
  A steam dragon (D:9)
  3 water moccasins
  2 necrophages
  4 orc warriors
  2 ogres
  3 centaurs
  3 phantoms (D:5)
  A kobold brigand (D:6)
  2 bullfrogs
  A gnoll sergeant (D:3)
  4 scorpions
  13 wights
  5 howler monkeys
  A jelly (D:4)
  A centaur skeleton (D:4)
  3 gnoll shamans
  2 scorpion zombies (D:5)
  3 iguanas
  Natasha (twice) (D:4)
  4 orc wizards
  A hound zombie (D:5)
  A howler monkey zombie (D:10)
  16 gnolls
  6 adders
  A shadow imp (D:5)
  A white imp (D:6)
  An adder skeleton (D:4)
  A dart slug (D:2)
  32 orcs
  9 ball pythons
  8 bats
  6 endoplasms
  6 giant cockroaches
  8 goblins
  5 hobgoblins
  14 jackals (D:3)
  5 quokkas
  5 frilled lizards
  11 kobolds
  6 rats
224 creatures vanquished.

Vanquished Creatures (others)
  3 plants (D:3)
3 creatures vanquished.

Grand Total: 227 creatures vanquished

Notes
Turn   | Place    | Note
-------+----------+-------------------------------------------
     0 | D:1      | Atelerd the Octopode Earth Elementalist began the quest for
                  | the Orb.
     0 | D:1      | Reached XP level 1. HP: 11/11 MP: 3/3
   181 | D:1      | Reached XP level 2. HP: 17/17 MP: 3/5
   967 | D:1      | Reached XP level 3. HP: 13/21 MP: 6/6
  1877 | D:2      | Reached XP level 4. HP: 27/27 MP: 7/7
  1897 | D:2      | Found a faded altar of an unknown god.
  2361 | D:3      | Learned a level 4 spell: Petrify
  2529 | D:3      | Reached XP level 5. HP: 16/31 MP: 2/8
  2914 | D:3      | Learned a level 4 spell: Olgreb's Toxic Radiance
  2930 | D:3      | Reached skill level 1 in Poison Magic
  2930 | D:3      | Reached XP level 6. HP: 21/36 MP: 4/10
  3344 | D:3      | Identified 2 scrolls of acquirement
  3345 | D:3      | Acquired 1175 gold pieces
  3347 | D:3      | Acquired 595 gold pieces
  3819 | D:3      | Reached XP level 7. HP: 34/41 MP: 11/11
  4693 | D:3      | Reached skill level 5 in Earth Magic
  5005 | D:4      | Found Pezem's Magic Scroll Boutique.
  5008 | D:4      | Bought a scroll of fear for 49 gold pieces
  5008 | D:4      | Bought a scroll of blinking for 105 gold pieces
  5008 | D:4      | Bought a scroll of blinking for 105 gold pieces
  5008 | D:4      | Bought a scroll of identify for 28 gold pieces
  5008 | D:4      | Bought a scroll of identify for 28 gold pieces
  5008 | D:4      | Bought a scroll of identify for 28 gold pieces
  5282 | D:4      | Reached skill level 5 in Stealth
  5499 | D:4      | Noticed Natasha
  5506 | D:4      | Killed Natasha
  5791 | D:4      | Noticed Natasha
  5806 | D:4      | Killed Natasha
  6212 | D:5      | Entered Level 5 of the Dungeon
  6212 | D:5      | Found a staircase to the Ecumenical Temple.
  6232 | D:5      | Reached XP level 8. HP: 43/46 MP: 4/13
  6234 | Temple   | Entered the Ecumenical Temple
  7049 | D:5      | Reached skill level 5 in Transmutations
  7128 | D:5      | Found a snail-covered altar of Cheibriados.
  7129 | D:5      | Found a sacrificial altar of Ru.
  7458 | D:5      | Reached skill level 1 in Short Blades
  7623 | D:5      | Reached skill level 1 in Fighting
  7804 | D:5      | Found a shimmering blue altar of Sif Muna.
  7804 | D:5      | Found a shimmering altar of Xom.
  7805 | D:5      | Found a broken altar of Ashenzari.
  8491 | D:5      | Found a white marble altar of Elyvilon.
  8524 | D:5      | Identified the +4 plate armour of Evolution {*Corrode rPois
                  | rF+ rN+ Regen+}
  8818 | D:5      | Became a worshipper of Sif Muna the Loreminder
  8895 | D:6      | Reached XP level 9. HP: 48/53 MP: 15/15
  9565 | D:6      | Reached skill level 1 in Invocations
 11063 | D:8      | Noticed a four-headed hydra
 11088 | D:8      | Killed a four-headed hydra
 11089 | D:8      | Reached skill level 5 in Spellcasting
 11089 | D:8      | Reached XP level 10. HP: 32/60 MP: 3/17
 12133 | D:8      | Reached * piety under Sif Muna
 12866 | D:9      | Noticed a boulder beetle
 12917 | D:8      | Killed a boulder beetle
 13257 | D:9      | Noticed a kobold demonologist
 13633 | D:9      | Reached XP level 11. HP: 39/64 MP: 8/19
 14067 | D:10     | Entered Level 10 of the Dungeon
 14133 | D:10     | Reached skill level 5 in Dodging
 14133 | D:10     | Reached skill level 5 in Poison Magic
 14857 | D:10     | Noticed a two-headed ogre
 14926 | D:10     | Slain by a two-headed ogre

Illustrated notes

Levels and vault maps discovered:
D:1:      dpeg_arrival_stonehenge_8_columns, layout_loops_ring,
          wander_ebering_terrifying_dragon_lair
D:2:      layout_basic, dreamdust_ecumenical_altar_hidden_monk_grotto
D:3:      lemuel_castle_with_subvaults [lemuel_castle_interior_carwin_2],
          layout_basic, minmay_shallow_snake_nest
D:4:      layout_basic, serial_shops, nicolae_shop_behind_doors, uniq_natasha
D:5:      layout_cave_pools, gammafunk_temple_overflow_pools, marbit_many_paths,
          gammafunk_temple_overflow_claw, minmay_temple_entry_drinking_statues
D:6:      layout_loops_ring
D:7:      layout_basic
D:8:      layout_gridville, grunt_livestock, minmay_misc_feat_alley,
          chequers_serial_rivers_room_a
D:9:      layout_loops_ring
D:10:     minmay_the_grid_octo_triangle [minmay_the_grid_octo_concentric,
          minmay_the_grid_octo_prize_star, minmay_the_grid_octo_checkered],
          layout_loops_cross
Temple:   eino_temple_scatter_basement

Skill      XL: |  1  2  3  4  5  6  7  8  9 10 11 |
---------------+----------------------------------+-----
Stealth        | 3 4 5 6 7 8 9 |  9.2
Transmutations | 2 3 4 5 7 8 |  8.8
Earth Magic    | 4 5 6 7 8 9 |  9.4
Poison Magic   | 1 2 3 4 5 |  5.0
Spellcasting   | 3 4 5 |  5.9
Short Blades   | 1 2 |  2.0
Fighting       | 1 2 |  2.0
Invocations    | 3 4 |  4.0
Dodging        | 4 5 |  5.0

Action                   |  1- 3 |  4- 6 |  7- 9 | 10-12 || total
-------------------------+-------+-------+-------+-------++-------
Melee: Unarmed           |    21 |       |       |       ||    21
       Constrict         |    17 |    21 |    43 |    13 ||    94
       Tentacles         |     8 |    12 |    32 |    12 ||    64
       Dagger            |    33 |    96 |   167 |    69 ||   365
 Cast: Sandblast         |    30 |    51 |   111 |    22 ||   214
       Petrify           |       |     1 |    32 |    38 ||    71
       Olgreb's Toxic Ra |       |       |       |    12 ||    12
Invok: Channel Magic     |       |       |       |     1 ||     1
Evoke: Wand              |       |       |     1 |     2 ||     3
  Use: Scroll            |       |     6 |     7 |     1 ||    14
       Potion            |       |       |     1 |     9 ||    10
 Stab: Sleeping          |    13 |     4 |    12 |     3 ||    32
       Petrified         |       |     5 |    33 |    30 ||    68
       Distracted        |       |     1 |       |       ||     1
       Invisible         |       |       |     2 |       ||     2
       Petrifying        |       |       |       |     4 ||     4
Armor: Skin              |     3 |     1 |    16 |     3 ||    23
Dodge: Dodged            |    47 |    62 |   130 |    35 ||   274
